 Dungeon Crawl Stone Soup version 0.27-a0-216-g1fbed8a51c (webtiles) character file.

Game seed: 14159939200045823609

35 iamserjio the Skirmisher (level 3, 26/52 HPs)
             Began as a Gnoll Abyssal Knight on Jan 31, 2021.
             Was a Follower of Lugonu.
             Quit the game on level 4 of the Dungeon.
             The game lasted 00:04:08 (698 turns).

iamserjio the Skirmisher (Gnoll Abyssal Knight)      Turns: 698, Time: 00:04:09

Health: 26/52      AC: 21    Str: 11    XL:     3   Next: 35%
Magic:  6/6        EV:  2    Int: 12    God:    Lugonu [*.....]
Gold:   107        SH: 10    Dex: 11    Spells: 3/3 levels left

rFire    + . .     SeeInvis .   (no weapon)
rCold    + . .     Faith    .   e - +0 tower shield
rNeg     + + +     Spirit   .   (armour currently unavailable)
rPois    +         Reflect  .   (helmet currently unavailable)
rElec    +         Harm     .   (cloak currently unavailable)
rCorr    +         Rampage  .   (gloves currently unavailable)
Will     .....     NoTele   +   (boots currently unavailable)
Stlth    +.........             (no amulet)
HPRegen  0.17/turn              g - ring of teleportation
MPRegen  0.10/turn              (no ring)

@: tree-form, resistant, hasted, very quick
A: distributed training, strong nose
a: Renounce Religion, Depart the Abyss


You were on level 4 of the Dungeon.
You worshipped Lugonu.
Lugonu was aware of your devotion.
You were a tree.
You visited 1 branch of the dungeon, and saw 5 of its levels.
You visited the Abyss 1 time.

You collected 107 gold pieces.

Inventory:

Hand Weapons
 a - a +1 falchion
 d - a +0 dagger
Missiles
 k - 36 arrows
 m - 20 poisoned darts (quivered)
Armour
 b - a +0 leather armour
 e - a +0 tower shield (worn)
 f - a +0 ring mail (melded)
 s - a +0 pair of gloves (melded)
Jewellery
 g - a ring of teleportation (left branch)
Scrolls
 c - a scroll of magic mapping {unknown}
 j - 2 scrolls of amnesia
 l - 2 scrolls of remove curse {@r2}
 n - a scroll of identify {unknown}
 o - a scroll of blinking {unknown}
 r - a scroll of enchant armour {unknown}
Potions
 q - a potion of heal wounds {@q2}


   Skills:
 + Level 6.5 Fighting
 + Level 0.7 Short Blades
 + Level 4.5 Long Blades
 + Level 0.7 Axes
 + Level 0.7 Maces & Flails
 + Level 0.7 Polearms
 + Level 0.7 Staves
 + Level 0.7 Slings
 + Level 0.7 Bows
 + Level 0.7 Crossbows
 + Level 0.7 Throwing
 + Level 4.5 Armour
 + Level 2.6 Dodging
 + Level 0.7 Stealth
 + Level 0.7 Shields
 + Level 0.7 Unarmed Combat
 + Level 0.7 Spellcasting
 + Level 0.5 Conjurations
 + Level 0.5 Hexes
 + Level 0.5 Summonings
 + Level 0.5 Necromancy
 + Level 0.5 Translocations
 + Level 0.5 Transmutations
 + Level 0.5 Fire Magic
 + Level 0.5 Ice Magic
 + Level 0.5 Air Magic
 + Level 0.5 Earth Magic
 + Level 0.5 Poison Magic
 + Level 4.5 Invocations
 + Level 0.7 Evocations


You had 3 spell levels left.
You didn't know any spells.
Your spell library was empty.

Dungeon Overview and Level Annotations

Branches:
Dungeon (5/15)             Temple (0/1) D:4

Altars:

Annotations:
D:3 Natasha
D:4 Eustachio


Innate Abilities, Weirdness & Mutations

Your experience applies equally to all skills.
((You have very sharp teeth.))
Your uncanny sense of smell can sniff out nearby items.


Message History

The howler monkey hoots and howls with incredible vigour!
The adder bites you but does no damage.
You hear a shout! x2; The ogre shouts!
You hear an angry hiss.
You hear a shout!
You hear a bark! x2; You hear a shout!
You hear an angry hiss.
You hear a shout! x4
You hear an angry hiss.
You barely miss the adder. The hound bites you.
An orc comes into view. It is wielding a +0 mace.
Something hits you but does no damage.
Eustachio casts a spell.
Eustachio blinks!
You block the adder's attack.
You closely miss the adder. You block the hound's attack.
You hear some strange, mumbled words.
A magic dart appears from out of thin air!
The magic dart hits you. The adder bites you but does no damage.
You block the hound's attack.
You smack the adder!
You kill the adder!
You block the hound's attack. Something hits you but does no damage.
The adder barely misses you.
Unknown command.

...h........#
.((.........####
###+###...?.........
#.....#.........####
#.⌠.⌠.#..@####......
+..>..+..# #......
#.⌠.⌠[#.h#####..####
#.....#.........# .
...###♣####.#.###..#
....rS{hSh5............
#....##Z#Y@.#...).......
...O .{{Z...............
.....##.#...............
#### #.#..(#o.#.#..#.##
#..........#..#.#
..#...##..## .# ..#...#
...


You could see Eustachio, an ice beast, an ogre, a howler monkey, a hound, 2
adders, an orc, an ufetubus (summoned), a quokka, a hound skeleton and a
bullfrog skeleton.

Vanquished Creatures
  An adder (D:4)
  An orc (D:3)
  3 bats
  2 giant cockroaches
  A goblin (D:3)
  6 hobgoblins
  3 jackals (D:3)
  2 frilled lizards (D:1)
  3 kobolds
  2 rats (D:2)
24 creatures vanquished.

Vanquished Creatures (others)
  A gnoll (D:4)
  A worm (D:4)
2 creatures vanquished.

Grand Total: 26 creatures vanquished

Notes
Turn   | Place    | Note
-------+----------+-------------------------------------------
     0 | Abyss:1  | iamserjio the Gnoll Abyssal Knight began the quest for the
                  | Orb.
     0 | Abyss:1  | Reached XP level 1. HP: 23/23 MP: 3/3
    46 | Abyss:1  | Noticed a tentacled starspawn
    48 | D:1      | Escaped the Abyss
   240 | D:2      | Reached XP level 2. HP: 29/29 MP: 5/5
   243 | D:3      | Found a faded altar of an unknown god.
   250 | D:3      | Noticed Natasha
   263 | D:2      | Reached * piety under Lugonu
   442 | D:3      | Reached XP level 3. HP: 17/35 MP: 6/6
   626 | D:5      | Entered Level 5 of the Dungeon
   654 | D:4      | Noticed Eustachio
   661 | D:4      | Noticed an ice beast
   672 | D:4      | Found a staircase to the Ecumenical Temple.
   694 | D:4      | Noticed an ogre
   698 | D:4      | Quit the game

Illustrated notes

Levels and vault maps discovered:
D:1:      dpeg_arrival_round_a, layout_rooms, minmay_misc_feat_five,
          minivault_26
D:2:      layout_loops_cross, old_standard_altar, general_overflow_altar,
          minmay_pentomino_v2
D:3:      layout_basic, chequers_ecumenical_altar_simple_redux,
          ebering_ghost_reflecting_pool, chequers_serial_rivers_micro_d,
          uniq_robin, uniq_natasha
D:4:      layout_basic, minmay_temple_entry_hall, lightli_sewer_entry_pipes,
          xom_confusion_cloud, uniq_grinder, uniq_eustachio
D:5:      layout_basic

Action                   || total
-------------------------++-------
Melee: Falchion          ||    83
       Bite              ||     9
       Unarmed           ||    13
Throw: Dart              ||     2
Invok: Depart the Abyss  ||     1
  Use: Potion            ||     5
       Scroll            ||     2
Armor: Ring mail         ||    56
       Skin              ||    42
Dodge: Dodged            ||    43
Block: Tower shield      ||    75
       Rpst.: Falchion   ||    12

Table legend: (Time is in decaauts)
 A = Elapsed time spent in this place.
 B = Non-inter-level travel time spent in this place.
 C = Inter-level travel time spent in this place.
 D = Time resting spent in this place.
 E = Time spent auto-exploring this place.
 F = Levels seen in this place.
 G = Mean time per level.
                   A        B        C        D        E       F      G
               +--------+--------+--------+--------+--------+-----+--------+
         Total |    742 |    734 |      8 |      0 |      0 |   6 |  123.7 |
       Dungeon |    694 |    686 |      8 |      0 |      0 |   5 |  138.8 |
         Abyss |     48 |     48 |      0 |      0 |      0 |   1 |   48.0 |
               +--------+--------+--------+--------+--------+-----+--------+

Top non-repeatable levels by time:
     D:2: 217 daAuts
     D:3: 215 daAuts
     D:1: 164 daAuts
     D:4: 95 daAuts
 Abyss:1: 48 daAuts
     D:5: 1 daAuts
